 Dungeon Crawl Stone Soup version 0.17-a0-2093-gc772f4b (webtiles) character file.

3496 brucemayne the Cleaver (level 10, -4/83 HPs)
             Began as a Hill Orc Berserker on Oct 16, 2015.
             Was a Priest of Trog.
             Slain by Maud
             ... wielding a +4 demon trident of flaming
              (26 damage)
             ... on level 10 of the Dungeon.
             The game lasted 00:12:56 (2578 turns).

brucemayne the Cleaver (Hill Orc Berserker)         Turns: 2578, Time: 00:12:56

Health: -4/83      AC: 16    Str: 22    XL:     10   Next: 7%
Magic:  10/10      EV:  2    Int:  9    God:    Trog [***...]
Gold:   257        SH:  0    Dex: 10    Spells: 0 memorised, 9 levels left

rFire  . . .     SeeInvis .     F - +0 war axe
rCold  + . .     Clarity  .     H - +0 plate armour
rNeg   + . .     SustAt   .     (no shield)
rPois  +         Gourm    .     U - +0 helmet
rElec  .         Spirit   .     A - +0 cloak
rCorr  .         Warding  .     (no gloves)
rMut   .         Stasis   .     (no boots)
MR     ++...                    (no amulet)
Stlth  ..........               w - ring of protection from cold
                                l - ring of positive energy

@: regenerating, very resistant to hostile enchantments, extremely unstealthy
A: blink, poison resistance, MP-powered wands
a: Blink, Burn Spellbooks, Berserk, Trog's Hand, Renounce Religion


You were on level 10 of the Dungeon.
You worshipped Trog.
Trog was most pleased with you.
You were not hungry.

You visited 2 branches of the dungeon, and saw 11 of its levels.

You collected 293 gold pieces.
You spent 36 gold pieces at shops.

Inventory:

Hand Weapons
 a - a +0 hand axe
 p - a +1 whip of electrocution
 E - a +2 short sword of protection
 F - a +0 war axe (weapon)
 Q - a +0 blowgun
Missiles
 q - 18 poisoned needles
Armour
 b - a +0 animal skin
 h - a +0 ring mail
 t - a +0 shield
 A - a +0 cloak (worn)
 G - a +0 chain mail
 H - a +0 plate armour (worn)
 U - a +0 helmet (worn)
 V - a +1 ring mail of poison resistance
Jewellery
 k - an uncursed amulet of resist mutation
 l - a ring of positive energy (left hand)
 w - a ring of protection from cold (right hand)
 L - an uncursed ring of teleportation
Wands
 I - a wand of fireball (11)
 P - a wand of draining (0)
Scrolls
 d - 2 scrolls of teleportation
 f - a scroll of enchant armour {unknown}
 i - a scroll of blinking {unknown}
 j - 2 scrolls of remove curse
 o - 2 scrolls of amnesia {unknown}
 r - a scroll of enchant weapon {unknown}
 u - 2 scrolls of identify
 y - a scroll of immolation {unknown}
 K - a scroll of random uselessness {unknown}
 O - a scroll of recharging {unknown}
 T - a scroll of vulnerability {unknown}
Potions
 e - a potion of degeneration {unknown}
 g - 2 potions of mutation
 m - a potion of heal wounds {unknown}
 v - a potion of might {unknown}
 B - a potion of ambrosia {unknown}
 C - a potion of lignification {unknown}
 J - a potion of resistance
 M - 2 potions of agility {unknown}
 S - a potion of haste
Books
 D - a book of Air

   Spells                             Type                      Level
   a - Shock                          Conjuration/Air              1
   b - Swiftness                      Charms/Air                   2
   c - Repel Missiles                 Charms/Air                   2
   d - Static Discharge               Conjuration/Air              3
   e - Lightning Bolt                 Conjuration/Air              5
   Trog disapproves of the use of such an item.
 N - an Akashic Record

   Spells                             Type                      Level
   a - Dispersal                      Translocation                6
   b - Controlled Blink               Translocation                7
   c - Malign Gateway                 Summoning/Translocation      7
   d - Disjunction                    Translocation                8
   Trog disapproves of the use of such an item.
Comestibles
 c - 6 bread rations
 n - 2 chunks of flesh
 x - 3 meat rations
 z - a slice of pizza


   Skills:
 + Level 5.7 Fighting
 + Level 14.5 Axes
 - Level 8.3 Armour
 - Level 1.5 Dodging


You had 9 spell levels left.
You didn't know any spells.

Dungeon Overview and Level Annotations

Branches:
Dungeon (10/15)            Temple (1/1) D:4
   Lair: D:8-11         Orc: D:9-12

Altars:
Ashenzari
Fedhas
Gozag
Kikubaaqudgha
Makhleb
Nemelex Xobeh
Ru
Vehumet
Yredelemnul
Zin
The Shining One

Shops:
D:4 *

Annotations:
D:10 Maud


Innate Abilities, Weirdness & Mutations

You can translocate small distances at will.
Your system is resistant to poisons.
You expend magic power (3 MP) to strengthen your wands.


Message History

Found a stone staircase leading down.
A giant frog and an orc come into view.
The orc shouts!
The giant frog croaks.
Found a blackened battleaxe.
Found a stone staircase leading up.
Maud the Forgotten comes into view.
She is wielding a demon trident of flaming.
Maud shouts!
Maud drinks a potion.
Maud seems to speed up.
Use which ability?
Your skin crawls.
You feel resistant to hostile enchantments.
You feel slightly more hungry.
Maud hits you from afar with a demon trident of flaming!!
Maud burns you!
Maud hits you from afar with a demon trident of flaming!!
* * * LOW HITPOINT WARNING * * *
Maud burns you.
* * * LOW HITPOINT WARNING * * *
There is a stone staircase leading up here.
Maud hits you from afar with a demon trident of flaming!!
You die...

.# #... .# #..######
###.# #.......# ...
........# # #.#
#.......#
..>.#####.######........
..........o.F.@........#
##.###.##.#####.........
#. #.# #@........ .. #.#
#.#######. .F. ..# #.#
@.<. ..# ..# .........
#.## ....)....# #. #. #.


You could see Maud.

Vanquished Creatures
  A centaur skeleton (D:8)
  A hungry ghost (D:9)
  A wyvern (D:9)
  A hippogriff (D:9)
  9 yaks (D:9)
  A water moccasin (D:8)
  4 orc warriors
  A sky beast (D:9)
  A black bear (D:8)
  2 giant frogs (D:7)
  A scorpion (D:8)
  3 giant frog zombies
  4 orc priests
  An orc wizard (D:8)
  3 jellies
  Ijyb (D:2)
  2 hounds
  3 worker ants
  2 gnolls (D:7)
  A worker ant zombie (D:10)
  5 adders
  2 shadow imps (D:8)
  4 giant geckos
  20 orcs
  3 ball pythons
  3 bats
  A giant cockroach (D:3)
  5 goblins
  4 hobgoblins
  2 jackals (D:2)
  3 giant newts
  4 kobolds
  6 rats
105 creatures vanquished.

Notes
Turn   | Place    | Note
--------------------------------------------------------------
     0 | D:1      | brucemayne the Hill Orc Berserker began the quest for the Orb.
     0 | D:1      | Reached XP level 1. HP: 19/19 MP: 1/1
   173 | D:1      | Reached XP level 2. HP: 24/26 MP: 2/2
   327 | D:2      | Reached skill level 5 in Axes
   350 | D:2      | Reached XP level 3. HP: 20/31 MP: 3/3
   352 | D:2      | Noticed Ijyb
   371 | D:2      | Killed Ijyb
   371 | D:2      | Reached skill level 6 in Axes
   407 | D:2      | Reached XP level 4. HP: 26/39 MP: 4/4
   449 | D:2      | Reached ** piety under Trog
   520 | D:2      | Found a burning altar of Makhleb.
   685 | D:4      | Found an opulent altar of Gozag.
   686 | D:4      | Found Pufaem's General Store.
   690 | D:4      | Bought a scroll of teleportation for 36 gold pieces
   692 | D:4      | Found a staircase to the Ecumenical Temple.
   713 | Temple   | Entered the Ecumenical Temple
   766 | D:4      | Found a basalt altar of Yredelemnul.
   798 | D:4      | Reached skill level 7 in Axes
   798 | D:4      | Reached XP level 5. HP: 45/45 MP: 5/5
  1014 | D:5      | Entered Level 5 of the Dungeon
  1114 | D:5      | Reached skill level 8 in Axes
  1225 | D:7      | Reached skill level 9 in Axes
  1225 | D:7      | Reached XP level 6. HP: 31/51 MP: 6/6
  1333 | D:8      | Noticed a centaur skeleton
  1355 | D:8      | Killed a centaur skeleton
  1355 | D:8      | Reached skill level 10 in Axes
  1355 | D:8      | Reached XP level 7. HP: 14/57 MP: 7/7
  1412 | D:7      | Reached skill level 11 in Axes
  1685 | D:8      | Reached XP level 8. HP: 37/64 MP: 8/8
  1756 | D:8      | Found a sacrificial altar of Ru.
  1831 | D:8      | Reached skill level 12 in Axes
  1889 | D:8      | Reached skill level 5 in Armour
  2026 | D:8      | Noticed a water moccasin
  2041 | D:8      | Killed a water moccasin
  2048 | D:8      | Gained mutation: You can translocate small distances at will. [potion of mutation]
  2048 | D:8      | Gained mutation: You are dopey. (Int -2) [potion of mutation]
  2049 | D:8      | Lost mutation: You are dopey. (Int -2) [potion of mutation]
  2049 | D:8      | Gained mutation: You expend magic power (3 MP) to strengthen your wands. [potion of mutation]
  2049 | D:8      | Gained mutation: Your system is resistant to poisons. [potion of mutation]
  2162 | D:9      | Reached XP level 9. HP: 26/70 MP: 9/9
  2225 | D:9      | Reached skill level 13 in Axes
  2312 | D:9      | Reached skill level 14 in Axes
  2418 | D:9      | Reached skill level 5 in Fighting
  2489 | D:9      | Reached XP level 10. HP: 75/81 MP: 10/10
  2491 | D:9      | Reached *** piety under Trog
  2545 | D:10     | Entered Level 10 of the Dungeon
  2567 | D:10     | Noticed Maud
  2578 | D:10     | Slain by Maud

Vault maps used:
D:1:      dpeg_arrival_shrine
D:2:      bloody_makhleb, uniq_iyjb
D:4:      lemuel_crystal_altar, nicolae_overflow_hidden_temple,
          minmay_temple_entry_trees, first_bread, serial_shops, shop,
          grunt_gozag_statues
D:5:      gammafunk_temple_overflow_statue, uniq_duvessa
D:6:      kennysheep_mini_moat, serial_shops, shop, hangedman_decor_slide_cut,
          uniq_menkaure, uniq_pikel
D:7:      corexii_shantytown, uniq_joseph
D:8:      basic_altar
D:9:      david_lair_shrubbed
D:10:     david_orc_3, uniq_maud
Temple:   water_room_temple_a_12

Action                   |  1- 3 |  4- 6 |  7- 9 | 10-12 || total
-------------------------+-------+-------+-------+-------++-------
Melee: Hand axe          |    68 |   125 |    47 |       ||   240
       War axe           |       |       |   203 |    13 ||   216
Invok: Berserk           |     2 |     3 |     6 |       ||    11
       Trog's Hand       |       |     1 |     8 |     1 ||    10
Evoke: Wand              |       |       |     1 |       ||     1
  Use: Scroll            |       |       |     2 |       ||     2
       Potion            |       |       |     2 |       ||     2
  Eat: Chunk             |       |     5 |    12 |     2 ||    19
       Fruit             |       |     2 |     1 |       ||     3
       Beef jerky        |       |       |     1 |       ||     1
